 Dungeon Crawl Stone Soup version 0.31-a0-37-g98a128e1d9 (webtiles) character file.

Game seed: 3139016800400085480

56 BlueFish the Charlatan (level 3, -1/29 HPs)
             Began as a Draconian Artificer on May 15, 2023.
             Killed by nerve-wracking pain
             ... invoked by an orc priest
              (14 damage)
             ... on level 3 of the Dungeon.
             The game lasted 00:04:13 (1405 turns).

BlueFish the Charlatan (Draconian Artificer)        Turns: 1405, Time: 00:04:14

Health: -1/29      AC:  5    Str: 14    XL:     3   Next: 71%
Magic:  3/3        EV: 12    Int: 13    God:
Gold:   153        SH:  0    Dex: 11    Spells: 2/2 levels left

rFire   . . .        j - +0 short sword
rCold   . . .        (no shield)
rNeg    . . .        (body armour unavailable)
rPois   .            (helmet restricted)
rElec   .            (no cloak)
rCorr   .            (no gloves)
SInv    .            (no boots)
Will    .....        (no amulet)
Stlth   ++           (no ring)
HPRegen 0.24/turn    (no ring)
MPRegen 0.08/turn

%: no passive effects
@: hasted, very quick
A: AC +5, unfitting armour, cold-blooded
a: no special abilities


You were on level 3 of the Dungeon.
You visited 1 branch of the dungeon, and saw 3 of its levels.

You collected 153 gold pieces.

Inventory:

Hand Weapons
 a - a +0 club
 i - a +0 dagger
 j - a +0 short sword (weapon)
Wands
 b - a wand of flame (15) (quivered)
 c - a wand of charming (14)
 d - a wand of iceblast (1)
Scrolls
 f - a scroll of enchant armour {unknown}
 g - 6 scrolls of identify {unknown}
 m - a scroll of poison {unknown}
 n - a scroll of vulnerability {unknown}
 p - a scroll of amnesia {unknown}
 q - a scroll of immolation {unknown}
Potions
 h - 2 potions of curing {unknown}
 k - a potion of attraction {unknown}
 l - 2 potions of flight {unknown}
 o - a potion of heal wounds {unknown}


   Skills:
 + Level 2.1 Fighting
 + Level 2.7 Dodging
 + Level 1.9 Stealth
 + Level 3.4 Evocations


You had 2 spell levels left.
You didn't know any spells.
Your spell library contained the following spells:

 Spells                   Type           Power      Damage    Failure   Level
 Cigotuvi's Dreadful Rot  Necr/Pois/Air  0%         N/A       43%         2
 Ignite Poison            Fire/Tmut/Pois 0%         N/A       67%         3
 Freezing Cloud           Conj/Ice/Air   0%         6-21      100%        5


Dungeon Overview and Level Annotations

Branches:
Dungeon (3/15)

Altars:

Annotations:
D:3 Ijyb


Innate Abilities, Weirdness & Mutations

Your plain brown scales are hard. (AC +5)
You cannot fit into any form of body armour.
You are cold-blooded and may be slowed by cold attacks.


Message History

An orc priest comes into view. It is wielding a +0 club.
Your Fighting skill increases to level 2!
You have reached level 3!
Your experience leads to an increase in your attributes!
Increase (S)trength, (I)ntelligence, or (D)exterity?
You feel clever. x2; Your scales feel tougher.
What are your orders? t - Shout!
Orders for allies: a - Attack new target. r - Retreat! s - Stop attacking. g - Guard the area. f - Follow me.
Anything else - Cancel.
Gang up on whom?
Press: ? - help, Dir - move target, f - orc priest
Aim: an orc priest, wielding a +0 club Attack!
An orc comes into view.
It is wielding a +3 falchion of holy wrath.
Aiming: Iceblast
Press: ? - help, Shift-Dir - straight line, p - orc priest The mass of ice explodes!
The iceblast engulfs the orc!
You kill the orc!
The iceblast engulfs the orc!
You kill the orc!
You hear a shout!
An orc comes into view. It is wielding a +0 club.
Aiming: Iceblast
Press: ? - help, Shift-Dir - straight line The mass of ice explodes!
The iceblast engulfs the orc!
You kill the orc!
The iceblast engulfs the orc priest!
The orc priest is almost dead.
The iceblast engulfs the adder!
You kill the adder!
You hear an angry hiss.
The orc priest invokes the aid of Beogh against you.
Beogh smites you! The goblin barely misses you.
It was a potion of haste.
You feel yourself speed up.
The orc priest mumbles some strange prayers to Beogh against you.
Pain shoots through your body!
You die...

..#.........##
.............#
.............#
........†....#.
..og...))......
.......).....#.
.o†)...gr......
..)....@.....#
.......K.....#
..............#
..#.....?......
. #.......?....
##.......)...
............
..<..........


You could see an orc priest (ally target), an orc, a quokka, a goblin (strong),
a kobold and the friendly Ijyb (charmed).

Vanquished Creatures
  Robin (D:3)
  A gnoll (D:1)
  An adder (D:3)
  3 orcs (D:3)
  An endoplasm (D:1)
  5 goblins
  3 hobgoblins
  2 jackals (D:1)
  A quokka (D:1)
  A ball python (D:1)
  2 bats (D:1)
  A frilled lizard (D:2)
  A kobold (D:2)
  A rat (D:1)
24 creatures vanquished.

Notes
Turn   | Place    | Note
-------+----------+-------------------------------------------
     0 | D:1      | BlueFish the Draconian Artificer began the quest for the
                  | Orb.
     0 | D:1      | Reached XP level 1. HP: 16/16 MP: 1/1
   177 | D:1      | Reached skill level 1 in Stealth
   290 | D:1      | Reached XP level 2. HP: 9/23 MP: 2/2
  1397 | D:3      | Noticed Ijyb
  1397 | D:3      | Noticed Robin
  1401 | D:3      | Killed Robin
  1402 | D:3      | Reached XP level 3. HP: 22/29 MP: 3/3
  1405 | D:3      | Killed from afar by an orc priest

Illustrated notes

Levels and vault maps discovered:
D:1:      dpeg_arrival_simpleton_b, layout_loops_corners
D:2:      layout_basic
D:3:      minmay_goblin_kobold_castle, layout_rooms,
          mainiacjoe_overflow_boulevard, nicolae_goblin_pals

Skill      XL: |  1  2 |
---------------+-------+-----
Stealth        | 1 |  1.9
Fighting       | 2 |  2.1
Dodging        | |  2.7
Evocations     | |  3.4

Action                     || total
---------------------------++-------
  Melee: Club              ||    50
         Tailslap          ||     8
         Punch             ||     2
         Dagger            ||    12
         Short sword       ||     7
  Evoke: Wand              ||     5
    Use: Potion            ||     1
   Stab: Sleeping          ||     2
 Armour: Skin              ||    34
  Dodge: Dodged            ||    66

Table legend: (Time is in decaauts)
 A = Elapsed time spent in this place.
 B = Non-inter-level travel time spent in this place.
 C = Inter-level travel time spent in this place.
 D = Time resting spent in this place.
 E = Time spent auto-exploring this place.
 F = Levels seen in this place.
 G = Mean time per level.
                   A        B        C        D        E       F      G
               +--------+--------+--------+--------+--------+-----+--------+
         Total |   1418 |   1353 |     65 |      7 |    760 |   3 |  472.7 |
       Dungeon |   1418 |   1353 |     65 |      7 |    760 |   3 |  472.7 |
               +--------+--------+--------+--------+--------+-----+--------+

Top non-repeatable levels by time:
     D:1: 1022 daAuts
     D:2: 388 daAuts
     D:3: 7 daAuts
